 Dungeon Crawl Stone Soup version 0.22-a0-558-gc224181 (webtiles) character file.

1318 kae the Insei (level 8, -1/60 HPs)
             Began as a Demonspawn Transmuter on June 26, 2018.
             Slain by a centaur (9 damage)
             ... on level 6 of the Dungeon.
             The game lasted 00:05:33 (5589 turns).

kae the Insei (Demonspawn Transmuter)               Turns: 5589, Time: 00:05:33

Health: -1/60      AC:  2    Str: 12    XL:     8   Next: 33%
Magic:  8/14       EV: 19    Int: 16    God:
Gold:   215        SH:  0    Dex: 20    Spells: 9/15 levels left

rFire    . . .     SeeInvis .     - Unarmed
rCold    . . .     Gourm    .   (shield currently unavailable)
rNeg     . . .     Faith    .   (armour currently unavailable)
rPois    .         Spirit   .   (helmet unavailable)
rElec    .         Reflect  .   (cloak currently unavailable)
rCorr    .         Harm     .   (gloves currently unavailable)
MR       .....                  (boots currently unavailable)
Stlth    ++........             (no amulet)
HPRegen  0.20/turn              f - ring of poison resistance
MPRegen  0.14/turn              m - +2 ring of intelligence

@: spider-form (expiring)
A: tiny, rot immunity
a: End Transformation


You were on level 6 of the Dungeon.
You were hungry.
You were a venomous arachnid creature.
You visited 1 branch of the dungeon, and saw 6 of its levels.

You collected 215 gold pieces.

Inventory:

Missiles
 a - 82 arrows
Armour
 b - a +0 robe (melded)
 h - a +0 pair of boots (melded)
Jewellery
 f - a ring of poison resistance (left front leg)
 g - an uncursed ring of fire {unknown}
 m - a +2 ring of intelligence (right front leg)
 t - an uncursed ring of protection from magic {unknown}
 u - a cursed ring of protection from magic {unknown}
Wands
 o - a wand of flame (28)
Scrolls
 c - 4 scrolls of identify
 j - 5 scrolls of remove curse
 k - a scroll of blinking
 l - 3 scrolls of fog
 p - a scroll of amnesia
 s - 3 scrolls of enchant armour {unknown}
Potions
 e - 4 potions of curing
 i - a potion of heal wounds
 n - a potion of might
 q - a potion of agility {unknown}
 r - a potion of brilliance {unknown}
Comestibles
 d - 10 rations
 v - a chunk of flesh


   Skills:
 + Level 4.1 Fighting
 - Level 1.7 Dodging
 * Level 6.0 Unarmed Combat
 + Level 4.2 Spellcasting
 * Level 5.6 Transmutations


You had 9 spell levels left.
You knew the following spells:

 Your Spells              Type           Power        Failure   Level  Hunger
a - Beastly Appendage     Tmut           ###...       7%          1    None
b - Sticks to Snakes      Tmut           ###.....     10%         2    ##.....
c - Spider Form           Tmut/Pois      ##........   34%         3    ###....

Your spell library contained the following spells:

 Spells                   Type           Power        Failure   Level  Hunger
 Confuse                  Hex            #.......     67%         3    ###....
 Blade Hands              Tmut           ###.......   63%         5    ######.
 Ice Form                 Ice/Tmut       ##......     67%         4    ####...
 Confusing Touch          Hex            #.....       36%         1    None
 Metabolic Englaciation   Hex/Ice        #.........   100%        5    ######.
 Petrify                  Tmut/Erth      ##......     67%         4    ####...
 Gell's Gravitas          Tloc           #.........   67%         3    ###....
 Yara's Violent Unravell  Hex/Tmut       ##........   93%         5    ######.


Dungeon Overview and Level Annotations

Branches:
Dungeon (6/15)             Temple (0/1) D:6

Altars:
Ashenzari
Dithmenos
Elyvilon
Fedhas
Gozag
Hepliaklqana
Makhleb
Nemelex Xobeh
Yredelemnul


Innate Abilities, Weirdness & Mutations

((You have a pair of large antennae on your head. (SInv)))
You are immune to rotting.


Message History

Your adder closely misses the crimson imp.
The crimson imp misses you. The centaur misses you.
You hit the centaur but do no damage.
The centaur is severely wounded.
Your adder closely misses the crimson imp.
The centaur hits you but does no damage.
The crimson imp closely misses you.
You hit the centaur but do no damage.
The centaur is severely wounded.
Your transformation is almost over.
Your adder withers and dies!
The centaur hits you.
* * * LOW HITPOINT WARNING * * *
The crimson imp hits you.
* * * LOW HITPOINT WARNING * * *
You bite the crimson imp!
You kill the crimson imp!
Your Unarmed Combat skill increases to level 6!
The centaur hits you!
You die...

........ #
..#.... . ##
#.##888#. .. ..
.#8...8#... ...
.. ...>.8h. ...
#. 8...8# ...%
#..#888###
.....
#<..c##..##....
#..#.#s......#
# #.#(......#
#.#(......#
#.#....(..#
#.#.......#
#.###.##### ..
..( #.#.. :.
#..


You could see a centaur.

Vanquished Creatures
  Pikel (D:5)
  An ice beast (D:5)
  A slave (D:5)
  An ogre (D:6)
  A centaur (D:5)
  2 howler monkeys (D:4)
  A crimson imp (D:6)
  A bullfrog zombie (D:5)
  A hound (D:6)
  Crazy Yiuf (D:3)
  A jelly (D:5)
  An orc priest (D:5)
  Jessica (D:3)
  6 worker ants
  A hound skeleton (D:6)
  Robin (D:4)
  An adder (D:4)
  3 gnolls (D:2)
  2 oozes
  2 worms (D:2)
  2 dart slugs
  A leopard gecko (D:1)
  3 orcs (D:5)
  2 ball pythons (D:3)
  10 bats
  7 giant cockroaches
  12 goblins
  10 hobgoblins
  2 jackals (D:3)
  7 kobolds
  2 quokkas
  2 frilled lizards (D:5)
  A leopard gecko zombie (D:5)
  9 rats
100 creatures vanquished.

Vanquished Creatures (collateral kills)
  An ogre (D:4)
  A gnoll (D:2)
  2 goblins (D:4)
  A hobgoblin (D:4)
  A frilled lizard (D:2)
6 creatures vanquished.

Vanquished Creatures (others)
  A bullfrog zombie (D:5)
  A shadow imp (D:5)
2 creatures vanquished.

Grand Total: 108 creatures vanquished

Notes
Turn   | Place    | Note
-------+----------+-------------------------------------------
     0 | D:1      | kae the Demonspawn Transmuter began the quest for the Orb.
     0 | D:1      | Reached XP level 1. HP: 15/15 MP: 3/3
   217 | D:1      | Gained mutation: You have a pair of small antennae on your head. [demonic ancestry]
   217 | D:1      | Reached XP level 2. HP: 19/21 MP: 5/5
   403 | D:1      | Reached skill level 3 in Unarmed Combat
   606 | D:1      | Gained mutation: You have a pair of antennae on your head. [demonic ancestry]
   606 | D:1      | Reached XP level 3. HP: 21/26 MP: 6/6
  1313 | D:2      | Learned a level 2 spell: Sticks to Snakes
  1317 | D:2      | Learned a level 3 spell: Spider Form
  1332 | D:2      | Reached XP level 4. HP: 23/33 MP: 1/7
  1868 | D:2      | Found a hazy altar of Hepliaklqana.
  2285 | D:3      | Found an opulent altar of Gozag.
  2370 | D:3      | Found a runed door.
  2415 | D:3      | Found a basalt altar of Yredelemnul.
  2418 | D:3      | Found an opulent altar of Gozag.
  2437 | D:3      | Noticed Jessica
  2452 | D:3      | Killed Jessica
  2727 | D:3      | Gained mutation: You are immune to rotting. [demonic ancestry]
  2727 | D:3      | Reached XP level 5. HP: 38/38 MP: 8/8
  2856 | D:3      | Noticed Crazy Yiuf
  2864 | D:3      | Killed Crazy Yiuf
  2983 | D:4      | Reached skill level 4 in Unarmed Combat
  3058 | D:4      | Reached XP level 6. HP: 33/46 MP: 7/10
  3092 | D:4      | Found a blossoming altar of Fedhas.
  3137 | D:4      | Noticed Robin
  3155 | D:4      | Killed Robin
  3516 | D:4      | Found a white marble altar of Elyvilon.
  3523 | D:4      | Found a sparkling altar of Nemelex Xobeh.
  3525 | D:4      | Found a shattered altar of Ashenzari.
  3682 | D:4      | Found a shadowy altar of Dithmenos.
  3841 | D:5      | Entered Level 5 of the Dungeon
  3869 | D:5      | HP: 1/46 [orc priest/nerve-wracking pain (6)]
  4165 | D:5      | Noticed an ice beast
  4189 | D:5      | Killed an ice beast
  4189 | D:5      | Reached XP level 7. HP: 39/52 MP: 4/11
  4637 | D:5      | Noticed Pikel
  4694 | D:5      | Killed Pikel
  4694 | D:5      | Reached skill level 5 in Unarmed Combat
  4694 | D:5      | Reached skill level 5 in Transmutations
  4694 | D:5      | Gained mutation: You have a pair of large antennae on your head. (SInv) [demonic ancestry]
  4694 | D:5      | Reached XP level 8. HP: 12/60 MP: 13/13
  5218 | D:5      | Found a burning altar of Makhleb.
  5544 | D:6      | Found a staircase to the Ecumenical Temple.
  5589 | D:6      | Reached skill level 6 in Unarmed Combat
  5589 | D:6      | Slain by a centaur

Vault maps used:
D:1:      shiori_arrival_elements
D:2:      nicolae_overflow_hidden_temple, kennysheep_generic_room_9
D:3:      minitemple, first_ration, grunt_gozag_breadcrumbs, uniq_jessica,
          uniq_crazy_yiuf_cottage
D:4:      cheibrodos_old_hovel, fedhas_altar_1,
          grunt_dithmenos_smoke_and_mirrors, grunt_temple_overflow_open,
          minmay_crossroads, uniq_robin
D:5:      bloody_makhleb, uniq_pikel
D:6:      minmay_temple_entry_statues, basic_altar, uniq_menkaure

Skill      XL: |  1  2  3  4  5  6  7  8 |
---------------+-------------------------+-----
Transmutations | 2 3 4 5 |  5.6
Unarmed Combat | 3 4 5 6 |  6.0
Fighting       | 2 3 4 |  4.1
Spellcasting   | 3 4 |  4.2
Dodging        | |  1.7

Action                   |  1- 3 |  4- 6 |  7- 9 || total
-------------------------+-------+-------+-------++-------
Melee: Unarmed           |   140 |   200 |    97 ||   437
       Kick              |     9 |       |       ||     9
       Punch             |       |     2 |     1 ||     3
 Cast: Beastly Appendage |     8 |       |       ||     8
       Spider Form       |     1 |    14 |     6 ||    21
       Sticks to Snakes  |       |    10 |     2 ||    12
  Use: Scroll            |     2 |     9 |       ||    11
       Potion            |       |       |     1 ||     1
 Stab: Sleeping          |     2 |     3 |       ||     5
  Eat: Chunk             |     1 |    11 |     6 ||    18
Armor: Robe              |    50 |    20 |     7 ||    77
       Skin              |       |     6 |     4 ||    10
Dodge: Dodged            |    95 |   129 |    89 ||   313

Table legend:
 A = Spawn XP
 B = Non-spawn XP
 C = Spawn XP percentage of total XP
 D = Spawn monster count
 E = Non-spawn monster count
 F = Spawn count percentage of total count
 G = Total turns spent on level
                    A         B        C        D         E        F      G
               +---------+---------+-------+---------+---------+-------+---------
         Total |       0 |    1883 |   0.0 |       0 |     105 |   0.0 |  5589
               +---------+---------+-------+---------+---------+-------+---------
           D:1 |       0 |      46 |   0.0 |       0 |      24 |   0.0 |   885
           D:2 |       0 |      86 |   0.0 |       0 |      22 |   0.0 |  1323
           D:3 |       0 |     108 |   0.0 |       0 |      17 |   0.0 |   711
           D:4 |       0 |     364 |   0.0 |       0 |      23 |   0.0 |   922
           D:5 |       0 |    1061 |   0.0 |       0 |      15 |   0.0 |  1703
           D:6 |       0 |     218 |   0.0 |       0 |       4 |   0.0 |    45
               +---------+---------+-------+---------+---------+-------+---------
